 Dungeon Crawl Stone Soup version 0.29-a0-323-g050149af67 (webtiles) character file.

Game seed: 4722602829922750515

345 kae the Gusty (level 6, 0/52 (53) HPs)
             Began as an Ogre Air Elementalist on Apr 11, 2022.
             Was an Initiate of Gozag.
             Slain by an ice beast (13 damage)
             ... on level 6 of the Dungeon.
             The game lasted 00:04:16 (5525 turns).

kae the Gusty (Ogre Air Elementalist)               Turns: 5525, Time: 00:04:17

HP:   0/52 (53)     AC:  5    Str: 13    XL:     6   Next: 58%
MP:   2/12          EV:  9    Int: 18    God:    Gozag
Gold: 197           SH:  0    Dex:  9    Spells: 7/13 levels left

rFire   . . .      SeeInvis .   e - +1 dagger
rCold   . . .      Faith    .   (no shield)
rNeg    . . .      Spirit   .   a - +0 robe
rPois   .          Reflect  .   (helmet restricted)
rElec   .          Harm     .   f - +1 cloak
rCorr   .          Rampage  .   (gloves unavailable)
Will    .....                   (boots unavailable)
Stlth   +.........              p - amulet of regeneration
HPRegen 0.97/turn               (no ring)
MPRegen 0.13/turn               (no ring)

@: lightly drained
A: large, unfitting armour, tough skin 1
a: Renounce Religion, Potion Petition, Call Merchant, Bribe Branch


You were on level 6 of the Dungeon.
You worshipped Gozag.
Gozag was aware of your devotion.
You visited 2 branches of the dungeon, and saw 7 of its levels.

You collected 273 gold pieces.
You paid 76 gold pieces to Gozag.

Inventory:

Hand Weapons
 e - a +1 dagger (weapon)
Armour
 a - a +0 robe (worn)
 f - a +1 cloak (worn)
Jewellery
 i - an amulet of the acrobat
 p - an amulet of regeneration (around neck)
 q - an amulet of guardian spirit
Scrolls
 h - a scroll of vulnerability
 j - a scroll of identify
Potions
 b - 2 potions of magic
 c - a potion of curing
 d - a potion of lignification {unknown}
 g - 2 potions of cancellation
 l - 2 potions of flight
 m - a potion of might
 n - 2 potions of mutation
 o - a potion of attraction


   Skills:
 - Level 1.7 Dodging
 - Level 1.4 Stealth
 + Level 4.2 Spellcasting
 + Level 2.9 Conjurations
 * Level 5.0 Air Magic


You had 7 spell levels left.
You knew the following spells:

 Your Spells              Type           Power      Damage    Failure   Level
a - Shock                 Conj/Air       72%        1d7       2%          1
b - Static Discharge      Conj/Air       18%        N/A       4%          2
c - Swiftness             Air            21%        N/A       5%          3

Your spell library contained the following spells:

 Spells                   Type           Power      Damage    Failure   Level
 Airstrike                Air            10%        N/A       19%         4
 Ensorcelled Hibernation  Hex/Ice        6%         N/A       22%         2
 Passwall                 Tmut/Erth      2%         N/A       22%         2
 Spider Form              Tmut/Pois      3%         N/A       41%         3
 Anguish                  Hex/Necr       1%         N/A       82%         4


Dungeon Overview and Level Annotations

Branches:
Dungeon (6/15)             Temple (1/1) D:4

Altars:
Ashenzari
Cheibriados
Dithmenos
Gozag
Hepliaklqana
Kikubaaqudgha
Makhleb
Nemelex Xobeh
Okawaru
Ru
Sif Muna
Wu Jian
Xom
Yredelemnul
The Shining One

Shops:
D:1 ?

Annotations:
D:5 Grinder


Innate Abilities, Weirdness & Mutations

You are too large for most types of armour.
You have tough skin. (AC +1)


Message History

The ice beast hits you. The ice beast freezes you!
Casting: Static Discharge (safe; 4% risk of failure)
Confirm with . or Enter, or press ? or * to list all spells.
The ice beast is struck by an arc of lightning.
The ice beast is severely wounded.
You are struck by an arc of lightning.
The lightning grounds out.
The ice beast hits you but does no damage.
The ice beast barely misses you.
Casting: Static Discharge (safe; 4% risk of failure)
Confirm with . or Enter, or press ? or * to list all spells.
The ice beast is struck by an arc of lightning.
The ice beast is almost dead.
The lightning grounds out.
The ice beast closely misses you.
The ice beast hits you but does no damage.
Casting: Static Discharge (safe; 4% risk of failure)
Confirm with . or Enter, or press ? or * to list all spells.
You don't have enough magic to cast this spell.
Casting: Static Discharge (safe; 4% risk of failure)
Confirm with . or Enter, or press ? or * to list all spells.
You don't have enough magic to cast this spell.
Unknown command.
You barely miss the ice beast.
The ice beast is almost dead.
The ice beast hits you. The ice beast freezes you!
You are too injured to fight recklessly!
You are too injured to fight recklessly!
You hit the ice beast but do no damage.
The ice beast is almost dead.
The ice beast closely misses you.
You hit the ice beast.
The ice beast is almost dead.
The ice beast hits you. The ice beast freezes you!
* * * LOW HITPOINT WARNING * * *
You barely miss the ice beast.
The ice beast is almost dead.
The ice beast hits you.
* * * LOW HITPOINT WARNING * * *
The ice beast freezes you!
You die...
Your body crumbles into a pile of gold.

#### .....
.....#### ####
........##...##
..............##
.....).........#
......Y@.......#
...............#
..............##
###......#....#
#..###....#.#
#..#...#.## #
##....#.#.#
......#.#.#
###..##...#


You could see an ice beast.

Vanquished Creatures
  A howler monkey (D:5)
  A hound (D:4)
  An orc priest (D:3)
  An iguana (D:5)
  2 orc wizards (D:4)
  7 adders
  3 dart slugs (D:2)
  10 orcs
  2 endoplasms
  12 giant cockroaches
  9 goblins
  16 hobgoblins
  7 quokkas
  5 ball pythons
  4 bats (D:1)
  4 frilled lizards
  4 kobolds
  3 rats (D:1)
92 creatures vanquished.

Notes
Turn   | Place    | Note
-------+----------+-------------------------------------------
     0 | D:1      | kae the Ogre Air Elementalist began the quest for the Orb.
     0 | D:1      | Reached XP level 1. HP: 16/16 MP: 3/3
    44 | D:1      | Reached skill level 1 in Conjurations
   209 | D:1      | Reached XP level 2. HP: 24/24 MP: 3/5
   263 | D:1      | Reached skill level 3 in Air Magic
   574 | D:1      | Found Juixif's Magic Scroll Shoppe.
   612 | D:1      | Found a faded altar of an unknown god.
   819 | D:1      | Reached XP level 3. HP: 31/31 MP: 2/7
   830 | D:1      | Learned a level 2 spell: Static Discharge
   834 | D:1      | Learned a level 3 spell: Swiftness
  1375 | D:2      | Reached XP level 4. HP: 39/39 MP: 1/8
  2222 | D:2      | Reached skill level 4 in Air Magic
  2438 | D:3      | Reached XP level 5. HP: 36/45 MP: 10/10
  3515 | D:3      | Found a burning altar of Makhleb.
  3515 | D:3      | Noticed a blizzard demon
  3518 | D:3      | Noticed an orange demon
  3518 | D:3      | Noticed a smoke demon
  3912 | D:4      | Found an opulent altar of Gozag.
  4137 | D:4      | Reached XP level 6. HP: 46/53 MP: 2/12
  4585 | D:4      | Found a staircase to the Ecumenical Temple.
  4651 | D:4      | Found a shimmering blue altar of Sif Muna.
  4651 | D:4      | Found a broken altar of Ashenzari.
  4668 | D:4      | Found an ancient bone altar of Kikubaaqudgha.
  4737 | Temple   | Entered the Ecumenical Temple
  4861 | D:4      | Became a worshipper of Gozag Ym Sagoz the Greedy
  5198 | D:5      | Entered Level 5 of the Dungeon
  5254 | D:5      | Reached skill level 5 in Air Magic
  5304 | D:5      | Noticed Grinder
  5304 | D:5      | Noticed a wyvern
  5509 | D:6      | Noticed an ice beast
  5525 | D:6      | Slain by an ice beast

Illustrated notes

Levels and vault maps discovered:
D:1:      amcnicky_arrival_choice, layout_rooms,
          hellmonk_ecumenical_altar_crossroads, serial_shops,
          nicolae_shop_window_shopping, hangedman_decor_points
D:2:      layout_rooms, grunt_decor_one_mirror, grunt_ministairs_9, hex_tiny,
          minivault_14, minmay_vboxes
D:3:      cheibrodos_greedy_goblins, layout_loops_ring,
          makhleb_altar_promises_db
D:4:      layout_cave_pods, gammafunk_temple_overflow_forgotten,
          amcnicky_altar_gilded, temple_doors_e
D:5:      layout_cave_pools, uniq_grinder, uniq_edmund
D:6:      nicolae_cairo_tiling_large, layout_rooms, kennysheep_dice, uniq_pikel
Temple:   cyrus_temple_forest

Skill      XL: |  1  2  3  4  5  6 |
---------------+-------------------+-----
Conjurations   | 1 2 |  2.9
Air Magic      | 3 4 5 |  5.0
Spellcasting   | 3 4 |  4.2
Dodging        | |  1.7
Stealth        | |  1.4

Action                   |  1- 3 |  4- 6 || total
-------------------------+-------+-------++-------
Melee: Unarmed           |     5 |       ||     5
       Dagger            |    38 |   103 ||   141
 Cast: Shock             |    66 |    75 ||   141
       Static Discharge  |     1 |    36 ||    37
  Use: Potion            |     1 |     1 ||     2
       Scroll            |       |    14 ||    14
 Stab: Sleeping          |     1 |       ||     1
Armor: Robe              |    33 |    55 ||    88
Dodge: Dodged            |    38 |   111 ||   149

Table legend: (Time is in decaauts)
 A = Elapsed time spent in this place.
 B = Non-inter-level travel time spent in this place.
 C = Inter-level travel time spent in this place.
 D = Time resting spent in this place.
 E = Time spent auto-exploring this place.
 F = Levels seen in this place.
 G = Mean time per level.
                   A        B        C        D        E       F      G
               +--------+--------+--------+--------+--------+-----+--------+
         Total |   5526 |   5227 |    299 |    400 |   4123 |   7 |  789.4 |
       Dungeon |   5440 |   5183 |    257 |    400 |   4085 |   6 |  906.7 |
        Temple |     85 |     44 |     41 |      0 |     38 |   1 |   85.0 |
               +--------+--------+--------+--------+--------+-----+--------+

Top non-repeatable levels by time:
     D:3: 1463 daAuts
     D:2: 1364 daAuts
     D:4: 1337 daAuts
     D:1: 948 daAuts
     D:6: 212 daAuts
     D:5: 113 daAuts
  Temple: 85 daAuts
